 Dungeon Crawl Stone Soup version 0.30.1-4-g462c640d31 (webtiles) character file.

Game seed: 9952407409010269458

98 Logoto the Firebug (level 4, -2/34 HPs)
             Began as a Draconian Fire Elementalist on Aug 16, 2023.
             Slain by a gnoll
             ... wielding a +0 flail
              (5 damage)
             ... on level 1 of the Dungeon on Aug 17, 2023.
             The game lasted 00:06:19 (2116 turns).

Logoto the Firebug (Draconian Fire Elementalist)    Turns: 2116, Time: 00:06:19

Health: -2/34      AC:  5    Str: 13    XL:     4   Next: 44%
Magic:  3/7        EV: 12    Int: 15    God:
Gold:   90         SH:  0    Dex: 11    Spells: 4/7 levels left

rFire   . . .        f - +2 dagger (vamp)
rCold   . . .        (no shield)
rNeg    . . .        (body armour unavailable)
rPois   .            (helmet restricted)
rElec   .            (no cloak)
rCorr   .            (no gloves)
SInv    .            (no boots)
Will    .....        (no amulet)
Stlth   ++           (no ring)
HPRegen 0.25/turn    (no ring)
MPRegen 0.10/turn

%: no passive effects
@: no status effects
A: AC +5, unfitting armour, cold-blooded
a: no special abilities


You were on level 1 of the Dungeon.
You visited 1 branch of the dungeon, and saw 2 of its levels.

You collected 90 gold pieces.

Inventory:

Hand Weapons
 c - a +0 hand axe
 f - a +2 vampiric dagger (weapon)
Scrolls
 b - a scroll of magic mapping {unknown}
 d - 2 scrolls of identify {unknown}
 e - 2 scrolls of teleportation {unknown}
Potions
 a - a potion of magic
 g - a potion of ambrosia {unknown}
 h - 2 potions of curing {unknown}


   Skills:
 + Level 0.9 Fighting
 + Level 1.3 Short Blades
 + Level 0.7 Axes
 + Level 2.2 Dodging
 + Level 2.3 Stealth
 + Level 2.1 Spellcasting
 + Level 1.6 Conjurations
 + Level 3.6 Fire Magic


You had 4 spell levels left.
You knew the following spells:

 Your Spells              Type           Power      Damage    Failure   Level
a - Foxfire               Conj/Fire      36%        2x1d5     8%          1
b - Scorch                Fire           24%        2d6       8%          2

Your spell library contained the following spells:

 Spells                   Type           Power      Damage    Failure   Level
 Magic Dart               Conj           24%        1d4       11%         1
 Inner Flame              Hex/Fire       7%         N/A       30%         3
 Volatile Blastmotes      Fire/Tloc      14%        2d11      30%         3
 Call Imp                 Summ           2%         N/A       32%         2
 Mephitic Cloud           Conj/Pois/Air  3%         N/A       45%         3
 Flame Wave               Conj/Fire      9%         2d6       58%         4


Dungeon Overview and Level Annotations

Branches:
Dungeon (2/15)

Altars:


Innate Abilities, Weirdness & Mutations

Your plain brown scales are hard. (AC +5)
You cannot fit into any form of body armour.
You are cold-blooded and may be slowed by cold attacks.


Message History

The gnoll is moderately wounded.
The foxfire hits the gnoll.
The gnoll is heavily wounded.
The gnoll barely misses you. The gnoll attacks as you move away!
The gnoll completely misses you.
Casting: Foxfire (safe; 8% risk of failure)
Confirm with . or Enter, or press ? or * to list all spells.
You conjure some foxfire!
The gnoll closely misses you.
The foxfire hits the gnoll but does no damage.
The gnoll is heavily wounded.
The foxfire hits the gnoll.
The gnoll is severely wounded.
You hit the gnoll but do no damage.
Your tail-slap misses the gnoll.
The gnoll is severely wounded.
The gnoll barely misses you.
You see here a jackal corpse.
Casting: Foxfire (safe; 8% risk of failure)
Confirm with . or Enter, or press ? or * to list all spells.
You conjure some foxfire!
The gnoll completely misses you. The gnoll attacks as you move away!
The gnoll hits you with a +0 flail!
* * * LOW HITPOINT WARNING * * *
The foxfire hits the gnoll.
The gnoll is severely wounded.
The foxfire hits the gnoll.
The gnoll is almost dead.
The gnoll misses you. The gnoll closely misses you. The gnoll misses you.
The gnoll attacks as you move away! The gnoll barely misses you.
The gnoll hits you from afar with a +0 spear.
* * * LOW HITPOINT WARNING * * *
The gnoll attacks as you move away! The gnoll closely misses you.
There is a stone staircase leading up here.
The gnoll hits you with a +0 flail.
* * * LOW HITPOINT WARNING * * *
You climb upwards.
There is a stone staircase leading down here.
You barely miss the gnoll.
The gnoll is almost dead.
The gnoll hits you with a +0 flail.
You die...

#### ######## #... #..)†..# ###
#.## #)####.###.######.# #.#
#.##...##.)..#
#.####.#.....).##.# #####
#.#...........###.## ....####
#†#g##.###.....##... .......#
#.#@##.# ##...###### .......#
##.#.##.# ##.## # .......#
#.......# #.# # .......#
#(#...#.# #.# # .......#
#.#.#.#.# ##+## # .......#
#...#...# ##...## # ..†....#
#.#####.###.....## # #.#.####
#...#...##.......## #
....#########...#.#.#.........###


You could see a gnoll.

Vanquished Creatures
  3 adders (D:2)
  A worm (D:2)
  2 dart slugs
  4 ball pythons
  7 bats
  7 endoplasms
  5 giant cockroaches (D:1)
  2 hobgoblins (D:2)
  6 jackals
  A quokka (D:1)
  9 goblins
  5 kobolds (D:1)
  6 rats
58 creatures vanquished.

Vanquished Creatures (others)
  65 foxfires
65 creatures vanquished.

Grand Total: 123 creatures vanquished

Notes
Turn   | Place    | Note
-------+----------+-------------------------------------------
     0 | D:1      | Logoto the Draconian Fire Elementalist began the quest for
                  | the Orb.
     0 | D:1      | Reached XP level 1. HP: 14/14 MP: 3/3
   267 | D:1      | Reached XP level 2. HP: 20/20 MP: 3/5
   477 | D:1      | Learned a level 2 spell: Scorch
   805 | D:1      | Reached XP level 3. HP: 27/27 MP: 6/6
  1365 | D:2      | Reached skill level 1 in Short Blades
  1527 | D:2      | Reached XP level 4. HP: 34/34 MP: 3/7
  2116 | D:1      | Slain by a gnoll

Illustrated notes

Levels and vault maps discovered:
D:1:      dpeg_arrival_tiny_b, layout_loops_corners
D:2:      layout_basic

Skill      XL: |  1  2  3 |
---------------+----------+-----
Dodging        | 2 |  2.2
Stealth        | 2 |  2.3
Short Blades   | 1 |  1.3
Fighting       | |  0.9
Axes           | |  0.7
Spellcasting   | |  2.1
Conjurations   | |  1.6
Fire Magic     | |  3.6

Action                     |  1- 3 |  4- 6 || total
---------------------------+-------+-------++-------
  Melee: Unarmed           |     7 |       ||     7
         Hand axe          |    44 |       ||    44
         Dagger            |    29 |    13 ||    42
         Tailslap          |     2 |     1 ||     3
         Punch             |     1 |       ||     1
   Cast: Foxfire           |    20 |    22 ||    42
         Scorch            |    14 |     4 ||    18
   Stab: Sleeping          |     3 |       ||     3
 Armour: Skin              |    26 |     8 ||    34
  Dodge: Dodged            |    80 |    36 ||   116
